 Dungeon Crawl Stone Soup version 0.16.1-28-gcc2312f (webtiles) character file.

1253 FlaggTheMystic the Ducker (level 8, -1/53 HPs)
             Began as a Halfling Assassin on June 5, 2015.
             Slain by Iamsock's ghost (8 damage)
             ... on level 6 of the Dungeon.
             The game lasted 00:55:11 (7683 turns).

FlaggTheMystic the Ducker (Halfling Assassin)       Turns: 7683, Time: 00:55:11

Health: -1/53      AC:  9    Str: 11    XL:     8   Next: 80%
Magic:  8/8        EV: 19    Int:  8    God:
Gold:   136        SH:  0    Dex: 18    Spells: 0 memorised, 7 levels left

rFire  . . .     SeeInvis .     k - +2 dagger (protect)
rCold  . . .     Clarity  .     j - +0 leather armour
rNeg   . . .     SustAb   .     (no shield)
rPois  .         Gourm    .     (no helmet)
rElec  .         Spirit   .     d - +0 cloak
rCorr  .         Warding  .     (no gloves)
rMut   .         Rnd*Tele +     (no boots)
MR     .....                    g - amulet of regeneration
Stlth  ++++......               (no ring)
                                (no ring)

@: not resistant to hostile enchantments, stealthy
A: dopey 1, mutation resistance 1, teleportitis 1
a: no special abilities


You were on level 6 of the Dungeon.
You were not hungry.

You visited 1 branch of the dungeon, and saw 6 of its levels.

You collected 154 gold pieces.
You spent 18 gold pieces at shops.

Inventory:

Hand weapons
 a - a +2 dagger
 b - a +0 blowgun
 i - a +1 rapier
 k - a +2 dagger of protection (weapon)
Missiles
 e - 11 poisoned needles
 h - 81 stones (quivered)
 n - a curare-tipped needle
 s - 16 sling bullets
Armour
 d - a +0 cloak (worn)
 f - a storm dragon hide
 j - a +0 leather armour (worn)
Jewellery
 g - an amulet of regeneration (around neck)
 m - an uncursed ring of fire
Scrolls
 c - a scroll of noise
 q - a scroll of blinking
 r - a scroll of remove curse
 v - a scroll of recharging
Comestibles
 o - 3 slices of pizza
 p - 4 fruits


   Skills:
 + Level 3.6 Fighting
 + Level 3.9 Short Blades
 + Level 6.9 Throwing
 + Level 6.9 Dodging
 + Level 6.7 Stealth


You had 7 spell levels left.
You didn't know any spells.

Dungeon Overview and Level Annotations

Branches:
Dungeon (6/15)             Temple (0/1) D:6

Altars:
Ru

Shops:
D:5 %

Annotations:
D:6 Iamsock's ghost, experienced DsFi


Innate Abilities, Weirdness & Mutations

You are small and have problems with some larger weapons.
You are somewhat resistant to further mutation.
You are dopey. (Int -2)
Space occasionally distorts in your vicinity.


Message History

Iamsock's ghost barely misses you.
You hit Iamsock's ghost but do no damage.
Iamsock's ghost is moderately damaged.
Iamsock's ghost completely misses you.
You hit Iamsock's ghost.
Iamsock's ghost is moderately damaged.
Iamsock's ghost misses you.
You hit Iamsock's ghost but do no damage.
Iamsock's ghost is moderately damaged.
You barely miss Iamsock's ghost.
Iamsock's ghost is moderately damaged.
Iamsock's ghost misses you.
You hit Iamsock's ghost.
Iamsock's ghost is moderately damaged.
Iamsock's ghost hits you!
* * * LOW HITPOINT WARNING * * *
You barely miss Iamsock's ghost.
Iamsock's ghost is moderately damaged.
Iamsock's ghost hits you!
You die...

##.##### #.....#
##.†...# #####
.......# ......
.....).# .......
.......# .(..=..
.......# (......
.)..#### ####W.......
....# #≈(@........
....# #(##########
....# #)#.....#
##'###########.#.###.#
#...........(.....#.#
#############.#.#.#.#
#.#.#.#.# #.#.. #.#
#.#.###.#


You could see Iamsock's ghost.

Vanquished Creatures
  The ghost of jnmwhg the Poker, an average MfSk of Yredelemnul (D:3)
  2 sky beasts
  A centaur (D:6)
  2 phantoms
  A giant frog (D:6)
  2 hounds
  2 crimson imps (D:5)
  3 orc priests
  2 iguanas
  4 orc wizards
  3 worker ants
  A hound skeleton (D:5)
  5 adders
  A giant mite (D:3)
  3 worms
  2 giant geckos
  9 orcs
  3 ball pythons
  2 giant cockroaches
  8 goblins
  6 hobgoblins
  5 bats
  A giant gecko zombie (D:5)
  3 giant newts
  4 jackals (D:5)
  8 kobolds
  10 rats
94 creatures vanquished.

Vanquished Creatures (collateral kills)
  A giant frog (D:6)
  An orc (D:6)
2 creatures vanquished.

Vanquished Creatures (others)
  A ball python (D:6)
  A bat skeleton (D:6)
2 creatures vanquished.

Grand Total: 98 creatures vanquished

Notes
Turn   | Place    | Note
--------------------------------------------------------------
     0 | D:1      | FlaggTheMystic, the Halfling Assassin, began the quest for the Orb.
     0 | D:1      | Reached XP level 1. HP: 14/14 MP: 1/1
   389 | D:1      | Reached XP level 2. HP: 17/19 MP: 2/2
   591 | D:1      | Reached skill level 5 in Stealth
  1767 | D:2      | Reached XP level 3. HP: 24/24 MP: 3/3
  1966 | D:3      | Found a sacrificial altar of Ru.
  2352 | D:3      | Reached XP level 4. HP: 20/29 MP: 4/4
  2658 | D:3      | Reached XP level 5. HP: 34/34 MP: 5/5
  2661 | D:3      | Noticed jnmwhg's ghost (average MfSk)
  2679 | D:3      | Gained mutation: Space occasionally distorts in your vicinity. [potion of mutation]
  2679 | D:3      | Gained mutation: You are dopey. (Int -2) [potion of mutation]
  2723 | D:3      | Killed jnmwhg's ghost
  2723 | D:3      | Reached skill level 6 in Stealth
  2723 | D:3      | Reached XP level 6. HP: 9/40 MP: 6/6
  4765 | D:4      | Reached skill level 5 in Throwing
  4765 | D:4      | Reached XP level 7. HP: 43/45 MP: 7/7
  4847 | D:4      | Learned a level 2 spell: Confusing Touch
  5673 | D:5      | Entered Level 5 of the Dungeon
  5745 | D:5      | Found Golot's Food Shoppe.
  5778 | D:5      | Bought a slice of pizza for 18 gold pieces
  6388 | D:5      | Reached skill level 5 in Dodging
  6591 | D:5      | Reached XP level 8. HP: 51/51 MP: 8/8
  7351 | D:6      | Found a staircase to the Ecumenical Temple.
  7599 | D:6      | Noticed Iamsock's ghost (experienced DsFi)
  7683 | D:6      | Slain by Iamsock's ghost

Action                   |  1- 3 |  4- 6 |  7- 9 || total
-------------------------+-------+-------+-------++-------
Melee: Dagger            |    98 |   122 |   351 ||   571
       Rapier            |       |       |   104 ||   104
 Fire: Blowgun           |     1 |    28 |    37 ||    66
Throw: Stone             |    48 |    50 |    43 ||   141
  Use: Scroll            |     5 |     4 |     7 ||    16
       Potion            |     5 |     2 |     3 ||    10
 Stab: Sleeping          |     5 |     1 |    10 ||    16
       Distracted        |       |       |     1 ||     1
  Eat: Bread ration      |     1 |     2 |     1 ||     4
       Meat ration       |       |       |     2 ||     2
